 Dungeon Crawl Stone Soup version 0.22-a0 (webtiles) character file.

31556 tidbits the Reanimator (level 13, -4/98 HPs)
             Began as a Gnoll Necromancer on Dec 31, 2017.
             Was a High Priest of Cheibriados.
             Slain by a large slime creature (37 damage)
             ... on level 14 of the Dungeon.
             The game lasted 01:32:12 (5524 turns).

tidbits the Reanimator (Gnoll Necromancer)          Turns: 5524, Time: 01:32:13

Health: -4/98      AC: 10    Str: 23    XL:     13   Next: 58%
Magic:  13/26      EV: 26    Int: 35    God:    Cheibriados [*****.]
Gold:   522        SH: 10    Dex: 28    Spells: 6/31 levels left

rFire    . . .     SeeInvis .   a - +3 broad axe (vamp)
rCold    . . .     Gourm    .   D - +2 buckler
rNeg     . . .     Faith    .   B - +0 troll leather armour
rPois    .         Spirit   .   E - +1 helmet
rElec    .         Reflect  .   C - +0 cloak
rCorr    .         Harm     .   (no gloves)
MR       +....                  F - +0 pair of boots
Stlth    +++++.....             R - amulet of magic regeneration
HPRegen  0.66/turn              V - +4 ring of evasion
MPRegen  0.45/turn              H - ring of protection from magic

@: very slow
A: distributed training, fangs 1, clumsy 1, strong nose
a: Bend Time, Temporal Distortion, Slouch, Step From Time, Renounce Religion


You were on level 14 of the Dungeon.
You worshipped Cheibriados.
Cheibriados was extremely pleased with you.
You were hungry.

You visited 3 branches of the dungeon, and saw 18 of its levels.
You also visited: Sewer.

You collected 1698 gold pieces.
You spent 1176 gold pieces at shops.

Inventory:

Hand Weapons
 a - a +3 vampiric broad axe (weapon)
   (You bought it in a shop on level 7 of the Dungeon)
 b - a +2 dagger of venom
   (You found it on level 4 of the Dungeon)
 w - a +0 trident of piercing
   (You took it off an orc on level 12 of the Dungeon)
 J - a +4 scimitar of flaming
   (You took it off Erica on level 8 of the Dungeon)
 K - a +0 broad axe
 Y - a cursed -2 hand crossbow
Missiles
 e - 190 arrows
 f - 75 bolts
 n - 3 throwing nets {!f}
 v - 155 stones
 O - 22 tomahawks (quivered)
Armour
 B - a +0 troll leather armour (worn)
 C - a +0 cloak (worn)
 D - a +2 buckler (worn)
 E - a +1 helmet (worn)
 F - a +0 pair of boots (worn)
Magical Staves
 s - an uncursed staff of death
   (You took it off a centaur on level 15 of the Dungeon)
 Z - an uncursed staff of summoning {unknown}
   (You found it on level 9 of the Dungeon)
Jewellery
 m - an uncursed ring of poison resistance
   (You bought it in a shop on level 2 of the Orcish Mines)
 H - a ring of protection from magic (right hand)
   (You found it on level 8 of the Dungeon)
 R - an amulet of magic regeneration (around neck)
   (You found it on level 11 of the Dungeon)
 V - a +4 ring of evasion (left hand)
   (You bought it in a shop on level 2 of the Orcish Mines)
Wands
 d - a wand of digging (12)
 p - a wand of paralysis (2)
 t - a wand of disintegration (11)
 y - a wand of acid (10)
 P - a wand of flame (34)
 S - a wand of polymorph (34)
Scrolls
 h - a scroll of noise {unknown}
 j - 2 scrolls of magic mapping
 k - 3 scrolls of enchant armour {unknown}
 o - a scroll of vulnerability {unknown}
 q - 2 scrolls of fear
 r - 2 scrolls of remove curse
 x - 6 scrolls of teleportation
 A - 3 scrolls of amnesia
 G - a scroll of fog
 U - 2 scrolls of silence
 W - 2 scrolls of blinking
Potions
 g - a potion of berserk rage {unknown}
 i - a potion of magic
 l - a potion of curing
 z - a potion of invisibility
 L - a potion of lignification {unknown}
 M - a potion of flight
 N - a potion of cancellation
 Q - 2 potions of brilliance
 T - a potion of heal wounds
 X - a potion of ambrosia {unknown}
Books
 u - a book of Necromancy

   Spells                             Type                      Level
   a - Pain                           Necromancy                   1
   b - Animate Skeleton               Necromancy                   1
   c - Vampiric Draining              Necromancy                   3
   d - Regeneration                   Charms/Necromancy            3
   e - Animate Dead                   Necromancy                   4
   f - Borgnjor's Vile Clutch         Necromancy/Earth             5
 I - a book of Frost
   (You found it on level 12 of the Dungeon)

   Spells                             Type                      Level
   a - Freeze                         Ice                          1
   b - Throw Frost                    Conjuration/Ice              2
   c - Ozocubu's Armour               Charms/Ice                   3
   d - Throw Icicle                   Conjuration/Ice              4
   e - Summon Ice Beast               Ice/Summoning                4
Comestibles
 c - 13 rations


   Skills:
 + Level 8.3 Fighting
 + Level 8.3 Short Blades
 + Level 8.3 Long Blades
 + Level 8.3 Axes
 + Level 8.3 Maces & Flails
 + Level 8.3 Polearms
 + Level 8.3 Staves
 + Level 8.3 Slings
 + Level 8.3 Bows
 + Level 8.3 Crossbows
 + Level 8.3 Throwing
 + Level 8.3 Armour
 + Level 9.5 Dodging
 + Level 9.3 Stealth
 + Level 8.3 Shields
 + Level 8.3 Unarmed Combat
 + Level 9.7 Spellcasting
 + Level 6.9 Conjurations
 + Level 6.9 Hexes
 + Level 6.9 Charms
 + Level 6.9 Summonings
 + Level 9.9 Necromancy
 + Level 6.9 Translocations
 + Level 6.9 Transmutations
 + Level 6.9 Fire Magic
 + Level 6.9 Ice Magic
 + Level 6.9 Air Magic
 + Level 6.9 Earth Magic
 + Level 6.9 Poison Magic
 + Level 9.1 Invocations
 + Level 8.3 Evocations


You had 6 spell levels left.
You knew the following spells:

 Your Spells              Type           Power        Failure   Level  Hunger
a - Pain                  Necr           ####         1%          1    None
b - Blink                 Tloc           N/A          1%          2    None
c - Conjure Flame         Conj/Fire      ######..     1%          3    None
m - Mephitic Cloud        Conj/Pois/Air  ######..     1%          3    None
n - Animate Skeleton      Necr           N/A          1%          1    None
o - Ozocubu's Armour      Chrm/Ice       ######..     1%          3    None
r - Regeneration          Chrm/Necr      ######....   1%          3    None
v - Borgnjor's Vile Clut  Necr/Erth      ######....   2%          5    ##.....
N - Animate Dead          Necr           N/A          1%          4    None


Dungeon Overview and Level Annotations

Branches:
Dungeon (15/15)            Temple (1/1) D:6             Orc (2/2) D:12
    Elf (0/3) Orc:2        Depths (0/5) D:15
   Lair: D:8-11      Vaults: D:13-14

Altars:
Ashenzari
Cheibriados
Fedhas
Qazlal
Vehumet
Wu Jian
Yredelemnul
Zin
Beogh

Shops:
D:7 (   Orc:2 *=[(

Annotations:
D:9 exclusion: downstairs
D:10 Dirtsage's ghost, journeyman MiFi
D:15 exclusion: fire giant, Roxanne


Innate Abilities, Weirdness & Mutations

Your experience applies equally to all skills.
You have very sharp teeth.
Your uncanny sense of smell can sniff out nearby items.
You are clumsy. (Dex -2)


Message History

A two-headed ogre comes into view.
It is wielding a dire flail and a giant spiked club.
You slash the ogre!
You kill the ogre!
Cheibriados appreciates the change of pace.
You see here a wand of acid (10).
y - a wand of acid (10)
Casting: Borgnjor's Vile Clutch
Confirm with . or Enter, or press ? or * to list all spells.
Aiming: Borgnjor's Vile Clutch
Press: ? - help, Dir - move target cursor, f - two-headed ogre
Aim: a two-headed ogre, wielding a dire flail and a giant spiked club Decaying hands burst forth from the earth!
Zombie hands grab the two-headed ogre.
The zombie hands constrict the two-headed ogre!
The two-headed ogre struggles to escape constriction.
The zombie hands constrict the two-headed ogre!!
The two-headed ogre struggles to escape constriction. x2
The zombie hands constrict the two-headed ogre!
You kill the two-headed ogre!
Cheibriados thoroughly appreciates the change of pace.
Items here: ))) † a dire flail; a giant spiked club x2; a two-headed ogre corpse A slime creature comes into view.
You see here a scroll of teleportation.
x - 6 scrolls of teleportation (gained 1)
The slime creature quivers.
A slime creature comes into view.
A bullfrog comes into view.
A slime creature comes into view.
The slime creature quivers.
You block the slime creature's attack. 3 slime creatures come into view.
The slime creature quivers. x2
The bullfrog croaks.
You slice the slime creature!!
The slime creature is moderately wounded.
You block the slime creature's attack.
Evoke which item? (* to show all) (? for menu, Esc to quit)
Okay, then.
You completely miss the slime creature.
The slime creature is moderately wounded.
The slime creature closely misses you.
Casting: Borgnjor's Vile Clutch
Confirm with . or Enter, or press ? or * to list all spells.
Aiming: Conjure Flame
Press: ? - help, Dir - move target cursor The fire ignites!
Two slime creatures merge to form a large slime creature.
You block the slime creature's attack.
Two slime creatures merge to form a large slime creature.
Casting: Conjure Flame
Confirm with . or Enter, or press ? or * to list all spells.
You blink.
Two slime creatures merge to form a very large slime creature.
Casting: Blink
Confirm with . or Enter, or press ? or * to list all spells.
Aiming: Conjure Flame
Press: ? - help, Dir - move target cursor The fire ignites!
You slash the large slime creature!
The large slime creature is lightly wounded.
The large slime creature closely misses you.
You barely miss the large slime creature.
The large slime creature is lightly wounded.
You block the large slime creature's attack.
The large slime creature hits you but does no damage.
You slash the very large slime creature!
The very large slime creature is lightly wounded.
You hit the large slime creature.
The very large slime creature is engulfed in blazing flames.
The very large slime creature hits you!
The large slime creature barely misses you.
You barely miss the very large slime creature.
The very large slime creature is lightly wounded.
You slash the large slime creature!
You feel better.
The very large slime creature is engulfed in blazing flames.
The very large slime creature hits you!!
The large slime creature hits you!
* * * LOW HITPOINT WARNING * * *
A hippogriff comes into view.
The hippogriff screeches!
You hear a shout!
Unknown command.
You can feel time thicken for a moment.
You kill the bullfrog!
Cheibriados appreciates the change of pace.
You feel somewhat more hungry.
Cheibriados lowers the support of your attributes as your movement quickens.
The hippogriff moves out of view.
The very large slime creature is engulfed in blazing flames.
The very large slime creature hits you!
* * * LOW HITPOINT WARNING * * *
You block the large slime creature's attack.
A tengu warrior comes into view. It is wielding a battleaxe.
Unknown command.
You can feel time thicken for a moment.
You feel somewhat more hungry.
Cheibriados lowers the support of your attributes as your movement quickens.
The very large slime creature is engulfed in blazing flames.
You block the very large slime creature's attack.
The large slime creature hits you!!!
You die...

....###...........
#.........########
#...###..## #. ###>.# #.
#....# ..##.#..# ##### .
...#..# #... ∆ ...
#.###.#..###.######H....
#.....)......§.J@J†...Q.
#####.#..###.######.....
.....#..#....# ..#
#####.##.###.... # #.#
## #.### #.# #.# .. .#.
.. # # ###


You could see a very large slime creature, a large slime creature, a tengu
warrior and a hippogriff.

Vanquished Creatures
  An orc warlord (Orc:2)
  A hydra (D:15)
  Erica (D:8)
  A centaur warrior (D:15)
  3 two-headed ogres
  A tengu warrior (D:14)
  5 orc high priests (Orc:2)
  A wizard (D:14)
  2 orc knights (Orc:2)
  A deep elf mage (D:14)
  3 cyclopes
  2 orc sorcerers (Orc:2)
  8 ugly things
  A centaur zombie (D:10)
  Maurice (D:9)
  Psyche (D:8)
  A kobold demonologist (D:11)
  8 trolls
  A tengu conjurer (D:14)
  7 meliai
  Prince Ribbit (D:8)
  A hornet (D:10)
  A hippogriff (D:9)
  2 wraiths
  A human (D:7)
  A vampire (D:14)
  The ghost of kibaces the Skirmisher, an amateur DrFi (D:4)
  A steam dragon (D:7)
  4 hogs (D:7)
  2 wargs
  A swamp drake (D:12)
  21 orc warriors
  5 sky beasts
  2 ice beasts
  14 ogres
  8 centaurs
  A big kobold (D:9)
  9 bullfrogs
  3 gnoll sergeants
  8 wights
  14 killer bees
  2 howler monkeys (D:11)
  4 crimson imps
  A quasit (D:8)
  4 orc priests
  4 hounds
  4 jellies
  7 centaur skeletons
  A gnoll shaman (D:5)
  9 orc wizards
  An iguana (D:6)
  6 worker ants
  Ijyb (D:3)
  A hound skeleton (D:6)
  A howler monkey zombie (D:7)
  A worker ant zombie (D:11)
  22 gnolls
  A howler monkey skeleton (D:7)
  5 adders
  A shadow imp (D:9)
  An adder skeleton (D:6)
  A worm (D:3)
  2 dart slugs
  5 leopard geckos
  45 orcs
  7 giant cockroaches
  4 goblins
  4 hobgoblins
  19 jackals
  11 kobolds
  2 ball pythons
  14 bats
  A frilled lizard (D:1)
  A jackal skeleton (D:7)
  A leopard gecko zombie (D:5)
  A quokka skeleton (D:7)
  9 rats
  4 fungi (Orc:2)
359 creatures vanquished.

Vanquished Creatures (collateral kills)
  A warg (Orc:2)
  An ice beast (D:8)
  An orc warrior (Orc:2)
  An ogre (D:8)
  A bullfrog (D:7)
  A hound (D:7)
  An orc priest (Orc:2)
  An adder (D:11)
  4 orcs
  2 jackals (D:7)
14 creatures vanquished.

Vanquished Creatures (others)
  An orc warrior (Orc:2)
  An orc priest (Orc:2)
  An orc (D:6)
  4 fungi (Orc:2)
7 creatures vanquished.

Grand Total: 380 creatures vanquished

Notes
Turn   | Place    | Note
-------+----------+-------------------------------------------
     0 | D:1      | tidbits the Gnoll Necromancer began the quest for the Orb.
     0 | D:1      | Reached XP level 1. HP: 13/13 MP: 6/6
   100 | D:2      | Reached XP level 2. HP: 12/19 MP: 4/7
   103 | D:2      | Learned a level 1 spell: Animate Skeleton
   108 | D:2      | Found a shattered altar of Ashenzari.
   249 | D:1      | Reached XP level 3. HP: 13/25 MP: 6/9
   255 | D:1      | Reached skill level 5 in Spellcasting
   384 | D:1      | Learned a level 3 spell: Vampiric Draining
   388 | D:1      | Learned a level 3 spell: Regeneration
   413 | D:1      | Reached skill level 1 in Invocations
   594 | D:2      | Reached skill level 1 in Fighting
   594 | D:2      | Reached skill level 1 in Short Blades
   594 | D:2      | Reached skill level 1 in Long Blades
   594 | D:2      | Reached skill level 1 in Axes
   594 | D:2      | Reached skill level 1 in Maces & Flails
   594 | D:2      | Reached skill level 1 in Polearms
   594 | D:2      | Reached skill level 1 in Staves
   594 | D:2      | Reached skill level 1 in Slings
   594 | D:2      | Reached skill level 1 in Bows
   594 | D:2      | Reached skill level 1 in Crossbows
   594 | D:2      | Reached skill level 1 in Throwing
   594 | D:2      | Reached skill level 1 in Armour
   594 | D:2      | Reached skill level 1 in Shields
   594 | D:2      | Reached skill level 1 in Unarmed Combat
   594 | D:2      | Reached skill level 1 in Evocations
   594 | D:2      | Reached XP level 4. HP: 7/32 MP: 3/11
   604 | D:2      | Noticed an ogre
   811 | D:5      | Entered Level 5 of the Dungeon
   829 | D:5      | Noticed a bullfrog
   830 | D:5      | Reached skill level 1 in Conjurations
   830 | D:5      | Reached skill level 1 in Hexes
   830 | D:5      | Reached skill level 1 in Charms
   830 | D:5      | Reached skill level 1 in Summonings
   830 | D:5      | Reached skill level 1 in Translocations
   830 | D:5      | Reached skill level 1 in Transmutations
   830 | D:5      | Reached skill level 1 in Fire Magic
   830 | D:5      | Reached skill level 1 in Ice Magic
   830 | D:5      | Reached skill level 1 in Air Magic
   830 | D:5      | Reached skill level 1 in Earth Magic
   830 | D:5      | Reached skill level 1 in Poison Magic
   837 | D:5      | Killed a bullfrog
   837 | D:5      | Reached XP level 5. HP: 30/37 MP: 5/12
   856 | D:4      | Noticed kibaces's ghost (amateur DrFi)
   858 | D:4      | Noticed an ogre
   886 | D:4      | Killed kibaces's ghost
   886 | D:4      | Reached skill level 2 in Invocations
   886 | D:4      | Reached XP level 6. HP: 43/44 MP: 12/14
   889 | D:4      | Reached skill level 2 in Fighting
   889 | D:4      | Reached skill level 2 in Short Blades
   889 | D:4      | Reached skill level 2 in Long Blades
   889 | D:4      | Reached skill level 2 in Axes
   889 | D:4      | Reached skill level 2 in Maces & Flails
   889 | D:4      | Reached skill level 2 in Polearms
   889 | D:4      | Reached skill level 2 in Staves
   889 | D:4      | Reached skill level 2 in Slings
   889 | D:4      | Reached skill level 2 in Bows
   889 | D:4      | Reached skill level 2 in Crossbows
   889 | D:4      | Reached skill level 2 in Throwing
   889 | D:4      | Reached skill level 2 in Armour
   889 | D:4      | Reached skill level 5 in Dodging
   889 | D:4      | Reached skill level 2 in Shields
   889 | D:4      | Reached skill level 2 in Unarmed Combat
   889 | D:4      | Reached skill level 2 in Evocations
  1029 | D:3      | Noticed Ijyb
  1032 | D:3      | Killed Ijyb
  1098 | D:3      | Reached XP level 7. HP: 50/50 MP: 15/15
  1253 | D:6      | Learned a level 4 spell: Animate Dead
  1264 | D:6      | Found a radiant altar of Vehumet.
  1335 | D:6      | Found a staircase to the Ecumenical Temple.
  1339 | Temple   | Entered the Ecumenical Temple
  1358 | Temple   | Became a worshipper of Cheibriados the Contemplative
  1396 | D:6      | Reached skill level 2 in Conjurations
  1396 | D:6      | Reached skill level 2 in Hexes
  1396 | D:6      | Reached skill level 2 in Charms
  1396 | D:6      | Reached skill level 2 in Summonings
  1396 | D:6      | Reached skill level 2 in Translocations
  1396 | D:6      | Reached skill level 2 in Transmutations
  1396 | D:6      | Reached skill level 2 in Fire Magic
  1396 | D:6      | Reached skill level 2 in Ice Magic
  1396 | D:6      | Reached skill level 2 in Air Magic
  1396 | D:6      | Reached skill level 2 in Earth Magic
  1396 | D:6      | Reached skill level 2 in Poison Magic
  1435 | D:6      | Found a glowing drain.
  1439 | Sewer    | Entered a sewer
  1474 | Sewer    | Reached * piety under Cheibriados
  1705 | D:5      | Learned a level 3 spell: Mephitic Cloud
  1749 | D:5      | Reached skill level 5 in Stealth
  1749 | D:5      | Reached skill level 3 in Invocations
  1765 | D:5      | Found a glowing silver altar of Zin.
  1983 | D:5      | Reached XP level 8. HP: 56/57 MP: 12/16
  2019 | D:5      | Reached ** piety under Cheibriados
  2078 | D:6      | Reached skill level 3 in Fighting
  2078 | D:6      | Reached skill level 3 in Short Blades
  2078 | D:6      | Reached skill level 3 in Long Blades
  2078 | D:6      | Reached skill level 3 in Axes
  2078 | D:6      | Reached skill level 3 in Maces & Flails
  2078 | D:6      | Reached skill level 3 in Polearms
  2078 | D:6      | Reached skill level 3 in Staves
  2078 | D:6      | Reached skill level 3 in Slings
  2078 | D:6      | Reached skill level 3 in Bows
  2078 | D:6      | Reached skill level 3 in Crossbows
  2078 | D:6      | Reached skill level 3 in Throwing
  2078 | D:6      | Reached skill level 3 in Armour
  2078 | D:6      | Reached skill level 3 in Shields
  2078 | D:6      | Reached skill level 3 in Unarmed Combat
  2078 | D:6      | Reached skill level 3 in Evocations
  2091 | D:6      | Paralysed by an orc for 5 turns
  2217 | D:7      | Reached skill level 6 in Spellcasting
  2369 | D:7      | Found Bedaoqo's Antique Weapon Boutique.
  2386 | D:7      | Bought a glowing broad axe for 154 gold pieces
  2482 | D:7      | Learned a level 3 spell: Conjure Flame
  2506 | D:7      | Reached skill level 3 in Conjurations
  2506 | D:7      | Reached skill level 3 in Hexes
  2506 | D:7      | Reached skill level 3 in Charms
  2506 | D:7      | Reached skill level 3 in Summonings
  2506 | D:7      | Reached skill level 3 in Translocations
  2506 | D:7      | Reached skill level 3 in Transmutations
  2506 | D:7      | Reached skill level 3 in Fire Magic
  2506 | D:7      | Reached skill level 3 in Ice Magic
  2506 | D:7      | Reached skill level 3 in Air Magic
  2506 | D:7      | Reached skill level 3 in Earth Magic
  2506 | D:7      | Reached skill level 3 in Poison Magic
  2506 | D:7      | Reached skill level 4 in Invocations
  2512 | D:7      | Reached skill level 6 in Dodging
  2512 | D:7      | Reached XP level 9. HP: 64/65 MP: 4/18
  2574 | D:7      | Reached *** piety under Cheibriados
  2584 | D:7      | Reached skill level 4 in Fighting
  2584 | D:7      | Reached skill level 4 in Short Blades
  2584 | D:7      | Reached skill level 4 in Long Blades
  2584 | D:7      | Reached skill level 4 in Axes
  2584 | D:7      | Reached skill level 4 in Maces & Flails
  2584 | D:7      | Reached skill level 4 in Polearms
  2584 | D:7      | Reached skill level 4 in Staves
  2584 | D:7      | Reached skill level 4 in Slings
  2584 | D:7      | Reached skill level 4 in Bows
  2584 | D:7      | Reached skill level 4 in Crossbows
  2584 | D:7      | Reached skill level 4 in Throwing
  2584 | D:7      | Reached skill level 4 in Armour
  2584 | D:7      | Reached skill level 4 in Shields
  2584 | D:7      | Reached skill level 4 in Unarmed Combat
  2584 | D:7      | Reached skill level 4 in Evocations
  2647 | D:8      | Noticed Erica
  2661 | D:8      | Killed Erica
  2661 | D:8      | Reached skill level 6 in Stealth
  2661 | D:8      | Reached skill level 8 in Necromancy
  2685 | D:8      | Noticed Psyche
  2694 | D:8      | Killed Psyche
  2694 | D:8      | Reached skill level 5 in Invocations
  2751 | D:8      | Reached XP level 10. HP: 73/73 MP: 20/20
  2767 | D:8      | Reached skill level 7 in Spellcasting
  2774 | D:8      | Learned a level 5 spell: Borgnjor's Vile Clutch
  2788 | D:9      | Reached skill level 4 in Conjurations
  2788 | D:9      | Reached skill level 4 in Hexes
  2788 | D:9      | Reached skill level 4 in Charms
  2788 | D:9      | Reached skill level 4 in Summonings
  2788 | D:9      | Reached skill level 4 in Translocations
  2788 | D:9      | Reached skill level 4 in Transmutations
  2788 | D:9      | Reached skill level 4 in Fire Magic
  2788 | D:9      | Reached skill level 4 in Ice Magic
  2788 | D:9      | Reached skill level 4 in Air Magic
  2788 | D:9      | Reached skill level 4 in Earth Magic
  2788 | D:9      | Reached skill level 4 in Poison Magic
  2831 | D:10     | Entered Level 10 of the Dungeon
  2831 | D:10     | Noticed Dirtsage's ghost (journeyman MiFi)
  2874 | D:8      | Reached skill level 5 in Fighting
  2874 | D:8      | Reached skill level 5 in Short Blades
  2874 | D:8      | Reached skill level 5 in Long Blades
  2874 | D:8      | Reached skill level 5 in Axes
  2874 | D:8      | Reached skill level 5 in Maces & Flails
  2874 | D:8      | Reached skill level 5 in Polearms
  2874 | D:8      | Reached skill level 5 in Staves
  2874 | D:8      | Reached skill level 5 in Slings
  2874 | D:8      | Reached skill level 5 in Bows
  2874 | D:8      | Reached skill level 5 in Crossbows
  2874 | D:8      | Reached skill level 5 in Throwing
  2874 | D:8      | Reached skill level 5 in Armour
  2874 | D:8      | Reached skill level 5 in Shields
  2874 | D:8      | Reached skill level 5 in Unarmed Combat
  2874 | D:8      | Reached skill level 5 in Evocations
  2883 | D:8      | Reached **** piety under Cheibriados
  2904 | D:8      | Noticed Prince Ribbit
  2912 | D:8      | Killed Prince Ribbit
  3093 | D:9      | Reached skill level 7 in Dodging
  3228 | D:9      | Noticed Maurice
  3250 | D:9      | Killed Maurice
  3320 | D:9      | Found a stormy altar of Qazlal.
  3473 | D:10     | Reached skill level 6 in Invocations
  3475 | D:10     | Reached ***** piety under Cheibriados
  3475 | D:10     | Reached skill level 7 in Stealth
  3581 | D:11     | Noticed a kobold demonologist
  3583 | D:11     | Reached XP level 11. HP: 74/81 MP: 8/22
  3846 | D:10     | Learned a level 2 spell: Blink
  3885 | D:11     | Noticed a green ugly thing
  3888 | D:11     | Reached skill level 6 in Fighting
  3888 | D:11     | Reached skill level 6 in Short Blades
  3888 | D:11     | Reached skill level 6 in Long Blades
  3888 | D:11     | Reached skill level 6 in Axes
  3888 | D:11     | Reached skill level 6 in Maces & Flails
  3888 | D:11     | Reached skill level 6 in Polearms
  3888 | D:11     | Reached skill level 6 in Staves
  3888 | D:11     | Reached skill level 6 in Slings
  3888 | D:11     | Reached skill level 6 in Bows
  3888 | D:11     | Reached skill level 6 in Crossbows
  3888 | D:11     | Reached skill level 6 in Throwing
  3888 | D:11     | Reached skill level 6 in Armour
  3888 | D:11     | Reached skill level 6 in Shields
  3888 | D:11     | Reached skill level 6 in Unarmed Combat
  3888 | D:11     | Reached skill level 6 in Evocations
  3888 | D:11     | Reached skill level 5 in Conjurations
  3888 | D:11     | Reached skill level 5 in Hexes
  3888 | D:11     | Reached skill level 5 in Charms
  3888 | D:11     | Reached skill level 5 in Summonings
  3888 | D:11     | Reached skill level 5 in Translocations
  3888 | D:11     | Reached skill level 5 in Transmutations
  3888 | D:11     | Reached skill level 5 in Fire Magic
  3888 | D:11     | Reached skill level 5 in Ice Magic
  3888 | D:11     | Reached skill level 5 in Air Magic
  3888 | D:11     | Reached skill level 5 in Earth Magic
  3888 | D:11     | Reached skill level 5 in Poison Magic
  3893 | D:11     | Killed a green ugly thing
  3893 | D:11     | Reached skill level 8 in Spellcasting
  3957 | D:12     | Learned a level 3 spell: Ozocubu's Armour
  4029 | D:12     | Found a staircase to the Orcish Mines.
  4129 | Orc:1    | Entered Level 1 of the Orcish Mines
  4201 | Orc:2    | Entered Level 2 of the Orcish Mines
  4201 | Orc:2    | Found a staircase to the Elven Halls.
  4201 | Orc:2    | Noticed an orc sorcerer
  4204 | Orc:2    | Noticed a cyclops
  4208 | Orc:2    | Killed an orc sorcerer
  4212 | Orc:2    | Reached skill level 9 in Necromancy
  4212 | Orc:2    | Reached skill level 7 in Invocations
  4218 | Orc:2    | Reached skill level 8 in Dodging
  4218 | Orc:2    | Killed a cyclops
  4225 | Orc:2    | Noticed a two-headed ogre
  4231 | Orc:2    | Noticed an orc high priest
  4234 | Orc:2    | Noticed a soul eater
  4237 | Orc:2    | Killed a two-headed ogre
  4237 | Orc:2    | Gained mutation: You are clumsy. (Dex -2) [a neqoxec]
  4239 | Orc:2    | Killed an orc high priest
  4239 | Orc:2    | Reached ****** piety under Cheibriados
  4239 | Orc:2    | Reached skill level 8 in Stealth
  4240 | Orc:2    | Found Igienn's Jewellery Boutique.
  4282 | Orc:2    | Noticed an orc high priest
  4283 | Orc:2    | Noticed an orc high priest
  4285 | Orc:2    | Noticed a soul eater
  4285 | Orc:2    | Reached XP level 12. HP: 81/89 MP: 13/24
  4288 | Orc:2    | Killed an orc high priest
  4295 | Orc:2    | Killed an orc high priest
  4430 | Orc:2    | Noticed an orc high priest
  4435 | Orc:2    | Killed an orc high priest
  4435 | Orc:2    | Reached skill level 7 in Fighting
  4435 | Orc:2    | Reached skill level 7 in Short Blades
  4435 | Orc:2    | Reached skill level 7 in Long Blades
  4435 | Orc:2    | Reached skill level 7 in Axes
  4435 | Orc:2    | Reached skill level 7 in Maces & Flails
  4435 | Orc:2    | Reached skill level 7 in Polearms
  4435 | Orc:2    | Reached skill level 7 in Staves
  4435 | Orc:2    | Reached skill level 7 in Slings
  4435 | Orc:2    | Reached skill level 7 in Bows
  4435 | Orc:2    | Reached skill level 7 in Crossbows
  4435 | Orc:2    | Reached skill level 7 in Throwing
  4435 | Orc:2    | Reached skill level 7 in Armour
  4435 | Orc:2    | Reached skill level 7 in Shields
  4435 | Orc:2    | Reached skill level 7 in Unarmed Combat
  4435 | Orc:2    | Reached skill level 7 in Evocations
  4437 | Orc:2    | Found Nuar's Antique Weapon Boutique.
  4455 | Orc:2    | Found Mitut's Antique Armour Emporium.
  4545 | Orc:2    | Found Ugudus's General Store.
  4546 | Orc:2    | Noticed an orc high priest
  4546 | Orc:2    | Noticed an orc warlord
  4548 | Orc:2    | Killed an orc high priest
  4549 | Orc:2    | Reached skill level 6 in Conjurations
  4549 | Orc:2    | Reached skill level 6 in Hexes
  4549 | Orc:2    | Reached skill level 6 in Charms
  4549 | Orc:2    | Reached skill level 6 in Summonings
  4549 | Orc:2    | Reached skill level 6 in Translocations
  4549 | Orc:2    | Reached skill level 6 in Transmutations
  4549 | Orc:2    | Reached skill level 6 in Fire Magic
  4549 | Orc:2    | Reached skill level 6 in Ice Magic
  4549 | Orc:2    | Reached skill level 6 in Air Magic
  4549 | Orc:2    | Reached skill level 6 in Earth Magic
  4549 | Orc:2    | Reached skill level 6 in Poison Magic
  4557 | Orc:2    | Killed an orc warlord
  4557 | Orc:2    | Reached skill level 9 in Spellcasting
  4557 | Orc:2    | Reached skill level 8 in Invocations
  4562 | Orc:2    | Bought a scroll of remove curse for 51 gold pieces
  4562 | Orc:2    | Bought a potion of magic for 136 gold pieces
  4562 | Orc:2    | Bought a scroll of teleportation for 51 gold pieces
  4642 | Orc:1    | Found a roughly hewn altar of Beogh.
  4696 | Orc:1    | Found a roughly hewn altar of Beogh.
  4800 | Orc:2    | Bought an uncursed ring of poison resistance for 280 gold pieces
  4800 | Orc:2    | Bought a +4 ring of evasion for 504 gold pieces
  4941 | D:14     | Noticed a tengu warrior
  4943 | D:14     | Killed a tengu warrior
  4943 | D:14     | Reached skill level 9 in Dodging
  4985 | D:14     | Reached XP level 13. HP: 83/98 MP: 21/26
  5013 | D:15     | Entered Level 15 of the Dungeon
  5030 | D:14     | Reached skill level 9 in Stealth
  5046 | D:15     | Noticed a fire dragon
  5051 | D:15     | Noticed an ogre mage
  5091 | D:14     | Reached skill level 8 in Fighting
  5091 | D:14     | Reached skill level 8 in Short Blades
  5091 | D:14     | Reached skill level 8 in Long Blades
  5091 | D:14     | Reached skill level 8 in Axes
  5091 | D:14     | Reached skill level 8 in Maces & Flails
  5091 | D:14     | Reached skill level 8 in Polearms
  5091 | D:14     | Reached skill level 8 in Staves
  5091 | D:14     | Reached skill level 8 in Slings
  5091 | D:14     | Reached skill level 8 in Bows
  5091 | D:14     | Reached skill level 8 in Crossbows
  5091 | D:14     | Reached skill level 8 in Throwing
  5091 | D:14     | Reached skill level 8 in Armour
  5091 | D:14     | Reached skill level 8 in Shields
  5091 | D:14     | Reached skill level 8 in Unarmed Combat
  5091 | D:14     | Reached skill level 8 in Evocations
  5175 | D:15     | Noticed Roxanne
  5303 | D:15     | Found a staircase to the Depths.
  5304 | D:15     | Noticed a fire giant
  5360 | D:15     | Reached skill level 9 in Invocations
  5524 | D:14     | Slain by a large slime creature

Vault maps used:
D:1:      dpeg_arrival_pond, hex_large, minmay_curled_crystal, st_stairs_11
D:2:      lemuel_crystal_altar
D:3:      uniq_grinder, uniq_ijyb
D:4:      first_ration, minmay_misc_feat_room, kennysheep_doodads
D:5:      kennysheep_mini, trog_eyes_of_draining, led_xom_imps, kennysheep_nub
D:6:      fiery_altar_vehumet, minmay_temple_entry_hall, gup_sewer_entry_bowl
D:7:      kennysheep_steamy, serial_shops, nicolae_shop_crystal,
          supply_closet_lemuel, grunt_livestock,
          lemuel_mausoleum_altar_kikubaaqudgha
D:8:      uniq_psyche, uniq_erica, uniq_prince_ribbit1
D:9:      basic_altar, uniq_maurice
D:11:     erik_lair_dragon
D:12:     erik_orc_1, patterned_corridor
D:13:     grunt_vaults_entry_tiered
D:14:     fedhas_altar_4
D:15:     grunt_enter_depths_giant_problem, uniq_roxanne
Temple:   minmay_crystal_spiral_temple
Orc:1:    hangedman_feature_mirror
Orc:2:    grunt_orc_gardens, grunt_orc_garden, grunt_orc_garden,
          grunt_orc_garden, grunt_orc_garden
Sewer:    sewer_fruit_machine

Skill      XL: |  1  2  3  4  5  6  7  8  9 10 11 12 13 |
---------------+----------------------------------------+-----
Spellcasting   | 5 6 7 8 9 |  9.7
Invocations    | 1 2 3 4 5 6 7 8 9 |  9.1
Fighting       | 1 2 3 4 5 6 7 8 |  8.3
Short Blades   | 1 2 3 4 5 6 7 8 |  8.3
Long Blades    | 1 2 3 4 5 6 7 8 |  8.3
Axes           | 1 2 3 4 5 6 7 8 |  8.3
Maces & Flails | 1 2 3 4 5 6 7 8 |  8.3
Polearms       | 1 2 3 4 5 6 7 8 |  8.3
Staves         | 1 2 3 4 5 6 7 8 |  8.3
Slings         | 1 2 3 4 5 6 7 8 |  8.3
Bows           | 1 2 3 4 5 6 7 8 |  8.3
Crossbows      | 1 2 3 4 5 6 7 8 |  8.3
Throwing       | 1 2 3 4 5 6 7 8 |  8.3
Armour         | 1 2 3 4 5 6 7 8 |  8.3
Shields        | 1 2 3 4 5 6 7 8 |  8.3
Unarmed Combat | 1 2 3 4 5 6 7 8 |  8.3
Evocations     | 1 2 3 4 5 6 7 8 |  8.3
Conjurations   | 1 2 3 4 5 6 |  6.9
Hexes          | 1 2 3 4 5 6 |  6.9
Charms         | 1 2 3 4 5 6 |  6.9
Summonings     | 1 2 3 4 5 6 |  6.9
Translocations | 1 2 3 4 5 6 |  6.9
Transmutations | 1 2 3 4 5 6 |  6.9
Fire Magic     | 1 2 3 4 5 6 |  6.9
Ice Magic      | 1 2 3 4 5 6 |  6.9
Air Magic      | 1 2 3 4 5 6 |  6.9
Earth Magic    | 1 2 3 4 5 6 |  6.9
Poison Magic   | 1 2 3 4 5 6 |  6.9
Dodging        | 5 6 7 8 9 |  9.5
Stealth        | 5 6 7 8 9 |  9.3
Necromancy     | 8 9 |  9.9

Action                   |  1- 3 |  4- 6 |  7- 9 | 10-12 | 13-15 || total
-------------------------+-------+-------+-------+-------+-------++-------
Melee: Spear             |     4 |       |       |       |       ||     4
       Dagger            |       |     9 |    28 |       |       ||    37
       Bite              |       |     1 |    27 |    63 |    20 ||   111
       Falchion          |       |       |    72 |       |       ||    72
       Broad axe         |       |       |    41 |   260 |    78 ||   379
Throw: Tomahawk          |       |       |     4 |    23 |     4 ||    31
       Stone             |       |       |     1 |     1 |       ||     2
 Cast: Pain              |    62 |    19 |   119 |    24 |       ||   224
       Vampiric Draining |     1 |     2 |     7 |     1 |       ||    11
       Regeneration      |       |     1 |     2 |     6 |     4 ||    13
       Mephitic Cloud    |       |       |     3 |     4 |       ||     7
       Conjure Flame     |       |       |     2 |     4 |     3 ||     9
       Animate Dead      |       |       |     3 |     9 |       ||    12
       Borgnjor's Vile C |       |       |       |    55 |    14 ||    69
       Ozocubu's Armour  |       |       |       |     1 |       ||     1
       Blink             |       |       |       |       |     1 ||     1
Invok: Slouch            |       |       |       |     2 |     3 ||     5
Evoke: Wand              |       |     6 |    19 |    11 |     2 ||    38
  Use: Potion            |     2 |       |     3 |     3 |       ||     8
       Scroll            |       |       |     8 |    10 |     3 ||    21
 Stab: Paralysed         |       |     7 |    15 |    12 |       ||    34
       Sleeping          |       |     1 |     1 |     5 |     4 ||    11
       Confused          |       |       |     2 |       |       ||     2
       Distracted        |       |       |     1 |     2 |       ||     3
       Invisible         |       |       |       |    18 |       ||    18
  Eat: Chunk             |       |     1 |     3 |     1 |     2 ||     7
       Ration            |       |       |     2 |     3 |       ||     5
Armor: Robe              |     1 |       |       |       |       ||     1
       Leather armour    |     1 |     2 |    41 |    18 |       ||    62
       Troll leather arm |       |       |       |    35 |    16 ||    51
Dodge: Dodged            |    13 |     6 |   144 |   284 |    89 ||   536
Block: Buckler           |       |       |    54 |   192 |    60 ||   306
       Rpst.: Falchion   |       |       |    18 |       |       ||    18

Table legend:
 A = Spawn XP
 B = Non-spawn XP
 C = Spawn XP percentage of total XP
 D = Spawn monster count
 E = Non-spawn monster count
 F = Spawn count percentage of total count
 G = Total turns spent on level
                    A         B        C        D         E        F      G
               +---------+---------+-------+---------+---------+-------+---------
         Total |       0 |   45080 |   0.0 |       0 |     370 |   0.0 |  5524
               +---------+---------+-------+---------+---------+-------+---------
           D:1 |       0 |      50 |   0.0 |       0 |      31 |   0.0 |   509
           D:2 |       0 |      37 |   0.0 |       0 |       8 |   0.0 |   170
           D:3 |       0 |      41 |   0.0 |       0 |       5 |   0.0 |   215
           D:4 |       0 |     357 |   0.0 |       0 |      10 |   0.0 |   287
           D:5 |       0 |     516 |   0.0 |       0 |      17 |   0.0 |   416
           D:6 |       0 |     514 |   0.0 |       0 |      22 |   0.0 |   323
           D:7 |       0 |    1469 |   0.0 |       0 |      24 |   0.0 |   453
           D:8 |       0 |    2545 |   0.0 |       0 |      22 |   0.0 |   350
           D:9 |       0 |    2029 |   0.0 |       0 |      34 |   0.0 |   387
          D:10 |       0 |    1876 |   0.0 |       0 |      13 |   0.0 |   387
          D:11 |       0 |    3063 |   0.0 |       0 |      32 |   0.0 |   161
          D:12 |       0 |    2110 |   0.0 |       0 |      23 |   0.0 |   271
          D:13 |       0 |     283 |   0.0 |       0 |       5 |   0.0 |    34
          D:14 |       0 |   10182 |   0.0 |       0 |      29 |   0.0 |   286
          D:15 |       0 |    5417 |   0.0 |       0 |      16 |   0.0 |   306
         Orc:1 |       0 |    1308 |   0.0 |       0 |       7 |   0.0 |   318
         Orc:2 |       0 |   13237 |   0.0 |       0 |      55 |   0.0 |   377
         Sewer |       0 |      46 |   0.0 |       0 |      17 |   0.0 |   235
               +---------+---------+-------+---------+---------+-------+---------

Table legend:
 A = Turns spent in this place as a percentage of turns spent in the entire game.
 B = Non-inter-level travel turns spent in this place as a percentage of non-inter-level travel turns spent in the entire game.
 C = Inter-level travel turns spent in this place as a percentage of turns spent in this place.
 D = Turns resting spent in this place as a percentage of non-inter-level travel turns spent in this place.
 E = Turns spent auto-exploring this place as a percentage of non-inter-level travel turns spent in this place.
 F = Non-inter-level travel turns spent in this place divided by the number of levels of this place that you've seen.
                   A       B       C       D       E      F
               +-------+-------+-------+-------+-------+----------------------
         Total | 100.0 | 100.0 |   0.9 |   0.1 |   0.0 | 288.2
       Dungeon |  82.5 |  83.1 |   0.0 |   0.1 |   0.0 | 303.5
        Temple |   0.7 |   0.4 |  46.2 |   0.0 |   0.0 |  21.0
  Orcish Mines |  12.6 |  12.2 |   4.0 |   0.0 |   0.0 | 333.5
         Sewer |   4.3 |   4.3 |   0.0 |   0.0 |   0.0 | 235.0
               +-------+-------+-------+-------+-------+----------------------

Table legend:
 A = Kills in this place as a percentage of kills in entire the game.
 B = Kills by you in this place as a percentage of kills by you in the entire game.
 C = Kills by friends in this place as a percentage of kills by friends in the entire game.
 D = Other kills in this place as a percentage of other kills in the entire game.
 E = Experience gained in this place as a percentage of experience gained in the entire game.
 F = Experience gained in this place divided by the number of levels of this place that you have seen.
                   A       B       C       D       E      F
               +-------+-------+-------+-------+-------+----------------------
         Total | 100.0 | 100.0 | 100.0 | 100.0 | 100.0 | 2372.6
       Dungeon |  78.6 |  79.1 |  71.4 |  50.0 |  67.6 | 2032.6
  Orcish Mines |  16.8 |  16.1 |  28.6 |  50.0 |  32.3 | 7272.5
         Sewer |   4.6 |   4.8 |   0.0 |   0.0 |   0.1 |  46.0
               +-------+-------+-------+-------+-------+----------------------

Vault maps used:
D:1:      dpeg_arrival_pond, hex_large, minmay_curled_crystal, st_stairs_11
D:2:      lemuel_crystal_altar
D:3:      uniq_grinder, uniq_ijyb
D:4:      first_ration, minmay_misc_feat_room, kennysheep_doodads
D:5:      kennysheep_mini, trog_eyes_of_draining, led_xom_imps, kennysheep_nub
D:6:      fiery_altar_vehumet, minmay_temple_entry_hall, gup_sewer_entry_bowl
D:7:      kennysheep_steamy, serial_shops, nicolae_shop_crystal,
          supply_closet_lemuel, grunt_livestock,
          lemuel_mausoleum_altar_kikubaaqudgha
D:8:      uniq_psyche, uniq_erica, uniq_prince_ribbit1
D:9:      basic_altar, uniq_maurice
D:11:     erik_lair_dragon
D:12:     erik_orc_1, patterned_corridor
D:13:     grunt_vaults_entry_tiered
D:14:     fedhas_altar_4
D:15:     grunt_enter_depths_giant_problem, uniq_roxanne
Temple:   minmay_crystal_spiral_temple
Orc:1:    hangedman_feature_mirror
Orc:2:    grunt_orc_gardens, grunt_orc_garden, grunt_orc_garden,
          grunt_orc_garden, grunt_orc_garden
Sewer:    sewer_fruit_machine
